 Dungeon Crawl Stone Soup version 0.19-a0-1365-gb34f4cb (webtiles) character file.

4923 dorian the Impaler (level 10, -4/68 HPs)
             Began as a Merfolk Gladiator on Sept 2, 2016.
             Was an Elder of Cheibriados.
             Slain by a spatial maelstrom (15 damage)
             ... on level 1 of the Abyss.
             The game lasted 00:22:40 (8968 turns).

dorian the Impaler (Merfolk Gladiator)              Turns: 8968, Time: 00:22:41

Health: -4/68      AC: 12    Str: 25    XL:     10   Next: 52%
Magic:  4/13       EV: 20    Int: 19    God:    Cheibriados [****..]
Gold:   397        SH:  0    Dex: 24    Spells: 0 memorised, 9 levels left

rFire  . . .     SeeInvis .     a - +1 trident
rCold  . . .     Gourm    .     v - +0 scale mail
rNeg   + . .     Faith    .     (no shield)
rPois  .         Spirit   .     c - +0 helmet
rElec  .         Dismiss  .     p - +1 cloak
rCorr  .         Reflect  .     (no gloves)
MR     .....     Harm     .     q - +2 pair of boots
Stlth  +.........               (no amulet)
                                I - ring of positive energy
                                (no ring)

@: about to teleport, slowed, very slow
A: change form in water, swift swim, stealthy swim
a: Bend Time, Temporal Distortion, Slouch, Renounce Religion


You were on level 1 of the Abyss.
You worshipped Cheibriados.
Cheibriados was greatly pleased with you.
You were very hungry.

You visited 1 branch of the dungeon, and saw 9 of its levels.
You visited the Abyss 1 time.

You collected 509 gold pieces.
You spent 112 gold pieces at shops.

Inventory:

Hand Weapons
 a - a +1 trident (weapon)
Missiles
 n - a throwing net (quivered)
 E - 5 tomahawks
Armour
 c - a +0 helmet (worn)
 p - a +1 cloak (worn)
 q - a +2 pair of boots (worn)
 v - a +0 scale mail (worn)
 H - a +0 pair of boots
Magical Staves
 m - an uncursed staff of cold
Jewellery
 F - an uncursed ring of fire
 G - an uncursed ring of ice
 I - a ring of positive energy (right hand)
Wands
 b - a wand of confusion (0/48)
 y - a wand of polymorph (11/24)
 D - a wand of flame (15/48)
Scrolls
 h - 6 scrolls of identify
 l - a scroll of fear
 A - 2 scrolls of remove curse
Potions
 d - a potion of cure mutation
 e - 2 potions of berserk rage
 j - a potion of invisibility {unknown}
 k - 5 potions of curing
 o - a potion of haste
 s - 3 potions of flight
 w - 2 potions of agility
 x - 2 potions of resistance
 z - a potion of brilliance
Books
 g - a book of Misfortune

   Spells                             Type                      Level
   a - Confusing Touch                Hexes                        1
   b - Confuse                        Hexes                        3
   c - Gell's Gravitas                Hexes/Translocation          3
   d - Petrify                        Transmutation/Earth          4
   e - Metabolic Englaciation         Hexes/Ice                    5
   f - Yara's Violent Unravelling     Hexes/Transmutation          5
Comestibles
 f - 4 bread rations
 r - 14 fruits
 t - 6 meat rations
 B - 2 beef jerkies


   Skills:
 + Level 2.3 Fighting
 - Level 16.0 Polearms
 - Level 2.0 Throwing
 + Level 0.2 Armour
 + Level 11.5 Dodging
 + Level 4.9 Invocations


You had 9 spell levels left.
You didn't know any spells.

Dungeon Overview and Level Annotations

Branches:
Dungeon (9/15)             Temple (0/1) D:7            Lair (0/6) D:9
    Orc: D:9-12

Altars:
Cheibriados
Kikubaaqudgha
Ru
Uskayaw

Shops:
D:9 [

Annotations:
D:5 dorian's ghost, amateur DgSk
D:9 Erolcha


Message History

Something hits you!!
* * * LOW HITPOINT WARNING * * *
Something drains your vigour!
You feel as though you will be slow longer.
You step out of the flow of time.
You return to the normal time flow.
You are feeling very hungry.
You can no longer step out of the time flow.
Cheibriados lowers the support of your attributes as your movement quickens.
A spatial maelstrom comes into view.
An ice devil comes into view.
As you read the scroll of teleportation, it crumbles to dust.
You feel strangely unstable.
You feel the power of the Abyss delaying your translocation!
The spatial maelstrom hits you but does no damage.
The spatial maelstrom misses you. The ice devil barely misses you.
The spatial maelstrom hits you but does no damage.
The spatial maelstrom closely misses you.
The ice devil completely misses you. The spatial maelstrom misses you.
The spatial maelstrom hits you!
You die...

##..#.# . ... .
#...#.##.#..## ..
####......###... .
#.#..##..§#.##.#
..#
#.#.#........#..#.
#....#......#..# .
..#...........
#.#4.$......#
##@v..#.....#
.#..##.#..##.
#.....§.###....
...##.#.... ...
.... ..#.#.#. .##
### #.#..


You could see a spatial maelstrom and an ice devil.

Vanquished Creatures
  A hill giant (D:8)
  Maurice (D:9)
  Prince Ribbit (D:8)
  A wyvern (D:8)
  3 small abominations (Abyss:1)
  2 yaks (D:9)
  A neqoxec (Abyss:1)
  A hippogriff (D:9)
  2 ice beasts
  An orc warrior (D:9)
  3 phantoms
  2 ogres
  2 crocodiles (D:9)
  3 centaurs
  2 big kobolds (D:6)
  2 scorpions
  A wyvern skeleton (D:9)
  7 killer bees
  A howler monkey (D:6)
  A centaur zombie (D:8)
  4 hounds
  4 orc priests
  A giant frog skeleton (D:8)
  2 jellies (D:7)
  Terence (D:3)
  3 iguanas
  4 orc wizards
  8 worker ants
  A howler monkey zombie (D:7)
  3 worker ant zombies
  7 gnolls
  8 adders
  2 river rats (D:9)
  A shadow imp (D:5)
  3 adder skeletons (D:4)
  3 worms
  3 dart slugs
  3 giant geckos
  26 orcs
  7 giant cockroaches
  9 goblins
  9 hobgoblins
  27 kobolds
  5 quokkas
  A ball python (D:3)
  A ball python skeleton (D:6)
  15 bats
  A giant gecko zombie (D:7)
  11 giant newts
  16 rats
  A plant (D:9)
228 creatures vanquished.

Vanquished Creatures (others)
  3 fungi (D:9)
  2 plants (D:9)
5 creatures vanquished.

Grand Total: 233 creatures vanquished

Notes
Turn   | Place    | Note
-------+----------+-------------------------------------------
     0 | D:1      | dorian the Merfolk Gladiator began the quest for the Orb.
     0 | D:1      | Reached XP level 1. HP: 16/16 MP: 1/1
   195 | D:1      | Reached XP level 2. HP: 21/22 MP: 2/2
   248 | D:1      | Reached skill level 5 in Polearms
   458 | D:1      | Reached XP level 3. HP: 24/27 MP: 3/3
   729 | D:2      | Reached skill level 5 in Dodging
   941 | D:2      | Reached XP level 4. HP: 29/33 MP: 4/4
   945 | D:2      | Reached skill level 6 in Polearms
  1535 | D:3      | Reached XP level 5. HP: 31/38 MP: 5/5
  1578 | D:3      | Reached skill level 7 in Polearms
  1618 | D:3      | Noticed Terence
  1623 | D:3      | Killed Terence
  1980 | D:3      | Found a sacrificial altar of Ru.
  1983 | D:3      | Found an ancient bone altar of Kikubaaqudgha.
  1986 | D:3      | Found a snail-covered altar of Cheibriados.
  1990 | D:3      | Became a worshipper of Cheibriados the Contemplative
  2268 | D:4      | Reached skill level 8 in Polearms
  2268 | D:4      | Reached XP level 6. HP: 38/44 MP: 6/6
  2964 | D:4      | Reached * piety under Cheibriados
  3244 | D:5      | Entered Level 5 of the Dungeon
  3276 | D:5      | Reached skill level 9 in Polearms
  3276 | D:5      | Reached XP level 7. HP: 47/50 MP: 7/7
  3621 | D:5      | Noticed a hand axe
  3622 | D:5      | Noticed a dagger
  3625 | D:5      | Found a hide-covered altar of Uskayaw.
  3678 | D:5      | Reached skill level 10 in Polearms
  3995 | D:5      | Noticed dorian's ghost (amateur DgSk)
  4168 | D:6      | Reached skill level 11 in Polearms
  4168 | D:6      | Reached XP level 8. HP: 38/56 MP: 8/8
  4307 | D:6      | Reached ** piety under Cheibriados
  5934 | D:7      | Found a staircase to the Ecumenical Temple.
  5982 | D:7      | Reached skill level 12 in Polearms
  6942 | D:5      | Reached skill level 13 in Polearms
  7187 | D:8      | Noticed a hill giant
  7192 | D:8      | Reached XP level 9. HP: 55/61 MP: 9/9
  7334 | D:8      | Noticed Prince Ribbit
  7343 | D:8      | Killed Prince Ribbit
  7343 | D:8      | Reached *** piety under Cheibriados
  7439 | D:8      | Reached skill level 1 in Invocations
  7488 | D:8      | Reached skill level 14 in Polearms
  7503 | D:8      | Reached skill level 10 in Dodging
  7734 | D:8      | Killed a hill giant
  8050 | D:9      | Noticed Maurice
  8077 | D:9      | Killed Maurice
  8077 | D:9      | Reached skill level 15 in Polearms
  8077 | D:9      | Reached XP level 10. HP: 45/67 MP: 12/12
  8565 | D:9      | Reached **** piety under Cheibriados
  8675 | D:9      | Found a staircase to the Lair.
  8720 | D:9      | Found Noozar's Antique Armour Emporium.
  8725 | D:9      | Bought a pair of embroidered boots for 112 gold pieces
  8799 | D:9      | Reached ***** piety under Cheibriados
  8837 | D:9      | Noticed Erolcha
  8859 | D:9      | Cast into level 1 of the Abyss (Erolcha)
  8859 | Abyss:1  | Found a corrupted altar of Lugonu.
  8947 | Abyss:1  | Reached skill level 16 in Polearms
  8965 | Abyss:1  | Noticed a spatial maelstrom
  8968 | Abyss:1  | Slain by a spatial maelstrom

Vault maps used:
D:1:      shiori_shiawase
D:2:      minmay_diamond_boxcup, minmay_split_cup_small
D:3:      nicolae_overflow_hidden_temple, grunt_temple_overflow_diamond,
          uniq_terence
D:4:      first_bread, serial_glass, glass_columns_c, glass_columns_a,
          feat_on_display
D:5:      dancing_weapons_uskayaw
D:6:      kennysheep_generic_room_12
D:8:      uniq_prince_ribbit1
D:9:      grunt_lair_entry_orc_guard_hut, serial_shops,
          nicolae_shop_overgrown_old_shop, grunt_ogre_cave, minmay_door_square,
          uniq_joseph, uniq_erolcha, uniq_maurice

Skill      XL: |  1  2  3  4  5  6  7  8  9 10 |
---------------+-------------------------------+-----
Polearms       | 5 6 8 9 11 13 15 16 | 16.0
Dodging        | 5 6 8 9 10 11 | 11.5
Invocations    | 3 4 |  4.9
Fighting       | |  2.3
Throwing       | |  2.0
Armour         | |  0.2

Action                   |  1- 3 |  4- 6 |  7- 9 | 10-12 || total
-------------------------+-------+-------+-------+-------++-------
Melee: Trident           |   113 |   299 |   518 |   183 ||  1113
Throw: Throwing net      |       |     4 |       |     2 ||     6
       Tomahawk          |       |       |     3 |       ||     3
Invok: Step From Time    |       |       |       |     1 ||     1
Evoke: Wand              |       |       |    11 |     2 ||    13
  Use: Potion            |       |       |     4 |     1 ||     5
       Scroll            |       |       |    15 |     2 ||    17
 Stab: Sleeping          |     2 |       |       |       ||     2
       Held in net/web   |       |     1 |       |     1 ||     2
       Confused          |       |       |     7 |       ||     7
  Eat: Chunk             |       |     6 |     8 |     1 ||    15
       Pizza             |       |     1 |       |       ||     1
Armor: Leather armour    |    22 |    13 |       |       ||    35
       Scale mail        |       |    52 |   105 |    17 ||   174
Dodge: Dodged            |    73 |   149 |   247 |    67 ||   536
